 Dungeon Crawl Stone Soup version 0.21.1-1-g345015fe64 (webtiles) character file.

4443 Kholdaimon the Magician (level 10, -3/77 HPs)
             Began as a Gnoll Skald on June 23, 2018.
             Was an Elder of Okawaru.
             Slain by a hornet (15 damage)
             ... on level 8 of the Dungeon.
             The game lasted 01:28:59 (9294 turns).

Kholdaimon the Magician (Gnoll Skald)               Turns: 9294, Time: 01:29:00

Health: -3/77      AC:  7    Str: 15    XL:     10   Next: 37%
Magic:  13/20      EV: 15    Int: 18    God:    Okawaru [****..]
Gold:   288        SH:  0    Dex: 14    Spells: 10/23 levels left

rFire    . . .     SeeInvis .   V - +3 halberd
rCold    + . .     Gourm    .   (shield currently unavailable)
rNeg     . . .     Faith    .   b - +0 leather armour
rPois    .         Spirit   .   (no helmet)
rElec    .         Reflect  .   I - +0 cloak
rCorr    .         Harm     .   Z - +0 pair of gloves
MR       .....                  p - +0 pair of boots
Stlth    +++.......             (no amulet)
HPRegen  1.22/turn              x - ring of wizardry
MPRegen  0.17/turn              m - ring of protection from cold

@: lethally poisoned (-3 -> -3), shrouded, infused, regenerating (expiring),
slowed, drained, very slow
A: distributed training, fangs 1, strong nose
a: Heroism, Renounce Religion


You were on level 8 of the Dungeon.
You worshipped Okawaru.
Okawaru was greatly pleased with you.
You were hungry.

You visited 2 branches of the dungeon, and saw 9 of its levels.

You collected 288 gold pieces.

Inventory:

Hand Weapons
 w - a +0 short sword of holy wrath
 J - a +3 whip of draining
 L - a +1 dagger of venom
 M - a +0 arbalest
 O - a +1 whip of freezing
 R - a +3 scimitar of freezing
 T - a +0 hunting sling
 V - a +3 halberd (weapon)
Missiles
 l - 175 stones (quivered)
 q - 21 poisoned needles
 r - 59 arrows
 v - 52 bolts
 y - a throwing net
 E - 14 sling bullets
 G - 4 tomahawks
 W - 3 tomahawks of returning
Armour
 b - a +0 leather armour (worn)
 p - a +0 pair of boots (worn)
 I - a +0 cloak (worn)
 Z - a +0 pair of gloves (worn)
Jewellery
 e - an uncursed amulet of rage {unknown}
 h - an uncursed ring of positive energy
 m - a ring of protection from cold (right hand)
 x - a ring of wizardry (left hand)
 F - an uncursed amulet of faith {unknown}
Wands
 j - a wand of enslavement (13)
 z - a wand of flame (16)
 Y - a wand of iceblast (16)
Scrolls
 a - 3 scrolls of remove curse
 f - 6 scrolls of teleportation
 s - 3 scrolls of blinking
 B - a scroll of fog
 P - a scroll of holy word {unknown}
 S - a scroll of enchant armour {unknown}
 X - 2 scrolls of enchant weapon {unknown}
Potions
 g - a potion of agility {unknown}
 i - a potion of resistance {unknown}
 k - a potion of heal wounds
 o - a potion of mutation {unknown}
 t - 3 potions of degeneration {unknown}
 u - 2 potions of magic {unknown}
 A - 3 potions of flight {unknown}
 C - 3 potions of ambrosia
 D - a potion of berserk rage {unknown}
 H - a potion of lignification {unknown}
 N - a potion of brilliance {unknown}
 U - a potion of curing {unknown}
Books
 n - a book of Air

   Spells                             Type                      Level
   a - Shock                          Conjuration/Air              1
   b - Swiftness                      Charms/Air                   2
   c - Static Discharge               Conjuration/Air              3
   d - Airstrike                      Air                          4
   e - Lightning Bolt                 Conjuration/Air              5
 K - a book of the Warp

   Spells                             Type                      Level
   a - Gell's Gravitas                Translocation                3
   b - Portal Projectile              Hexes/Translocation          3
   c - Force Lance                    Conjuration/Translocation    4
   d - Dispersal                      Translocation                6
   e - Controlled Blink               Translocation                8
   f - Disjunction                    Translocation                8
Comestibles
 d - 21 rations


   Skills:
 + Level 6.9(6.3) Fighting
 + Level 5.1(4.5) Short Blades
 + Level 5.1(4.5) Long Blades
 + Level 6.9(6.3) Axes
 + Level 5.1(4.5) Maces & Flails
 + Level 5.1(4.5) Polearms
 + Level 5.1(4.5) Staves
 + Level 5.1(4.5) Slings
 + Level 5.1(4.5) Bows
 + Level 5.1(4.5) Crossbows
 + Level 5.1(4.5) Throwing
 + Level 5.8(5.2) Armour
 + Level 6.9(6.3) Dodging
 + Level 5.1(4.5) Stealth
 + Level 5.1(4.5) Shields
 + Level 5.1(4.5) Unarmed Combat
 + Level 7.2(6.6) Spellcasting
 + Level 4.2(3.6) Conjurations
 + Level 4.2(3.6) Hexes
 + Level 7.0(6.4) Charms
 + Level 4.2(3.6) Summonings
 + Level 4.2(3.6) Necromancy
 + Level 4.2(3.6) Translocations
 + Level 4.2(3.6) Transmutations
 + Level 4.2(3.6) Fire Magic
 + Level 4.2(3.6) Ice Magic
 + Level 4.2(3.6) Air Magic
 + Level 4.2(3.6) Earth Magic
 + Level 4.2(3.6) Poison Magic
 + Level 5.6(5.0) Invocations
 + Level 5.1(4.5) Evocations


You had 10 spell levels left.
You knew the following spells:

 Your Spells              Type           Power        Failure   Level  Hunger
a - Infusion              Chrm           ####         1%          1    None
b - Shroud of Golubria    Chrm/Tloc      ###.......   1%          2    None
c - Regeneration          Chrm/Necr      ###.......   1%          3    ##.....
d - Petrify               Tmut/Erth      ###.....     12%         4    ####...
e - Confuse               Hex            ###.....     3%          3    ##.....


Dungeon Overview and Level Annotations

Branches:
Dungeon (8/15)             Temple (1/1) D:4
   Lair: D:8-11

Altars:
Ashenzari
Cheibriados
Dithmenos
Fedhas
Gozag
Hepliaklqana
Kikubaaqudgha
Makhleb
Nemelex Xobeh
Okawaru
Sif Muna
Trog
Uskayaw
Vehumet
Xom
Yredelemnul
Zin

Shops:
D:5 =


Innate Abilities, Weirdness & Mutations

Your experience applies equally to all skills.
You have very sharp teeth.
Your uncanny sense of smell can sniff out nearby items.


Message History

Your shroud bends the hornet's attack away.
The hornet closely misses you.
You hit the hornet.
The hornet is severely wounded.
You feel yourself speed up.
Your skin is crawling a little less now.
You are feeling hungry.
You feel sick. The hornet stings you!
You suddenly lose the ability to move!
The hornet stings you.
You feel yourself slow down. The hornet barely misses you.
You can move again.
You closely miss the hornet. Your bite misses the hornet.
The hornet is severely wounded.
You feel yourself speed up.
You feel sick.
The hornet stings you but does no damage.
The hornet stings you!
* * * LOW HITPOINT WARNING * * *
You feel yourself slow down. The hornet stings you!
You die...

####### ##.....##
###########....#..#
.........##.###.###
.....#...##.# #.##
#...###.....##.#@#
##.###......#.#y##
#####.......##a# ∆
# #........#.# #
##.......##
######......# ∆∆
............# ∆∆
###.........#
#####.##### #.#


You could see a soldier ant and a hornet.

Vanquished Creatures
  The ghost of PikkenKukken the Slasher, an amateur DsAK of Lugonu (D:5)
  Sigmund (D:3)
  3 hungry ghosts
  The ghost of WobbleTop the Insei, an amateur OpTm of Zin (D:4)
  Duvessa (D:7)
  2 sky beasts
  An orc warrior (D:5)
  2 ice beasts
  A black bear (D:8)
  2 phantoms
  The ghost of Hercules1031 the Conjurer, an amateur OpCj of Nemelex Xobeh (D:3)
  3 bullfrogs
  Dowan (D:7)
  A scorpion (D:8)
  15 killer bees
  4 wights (D:8)
  6 electric eels (D:7)
  5 crimson imps
  Crazy Yiuf (D:3)
  3 bullfrog skeletons
  3 hounds
  11 orc wizards
  3 orc priests
  A centaur skeleton (D:5)
  Jessica (D:3)
  5 iguanas
  9 worker ants
  A hound zombie (D:6)
  A howler monkey skeleton (D:5)
  6 adders
  An ooze (D:4)
  An adder skeleton (D:4)
  A worm (D:3)
  6 leopard geckos
  21 orcs
  8 bats
  2 bat zombies (D:4)
  10 giant cockroaches
  10 hobgoblins
  4 jackals
  7 kobolds
  2 quokkas (D:3)
  A ball python (D:6)
  A frilled lizard (D:3)
  9 goblins
  A jackal zombie (D:6)
  A leopard gecko zombie (D:5)
  10 rats
  2 rat zombies (D:4)
  3 plants (D:7)
197 creatures vanquished.

Vanquished Creatures (others)
  A plant (D:7)
1 creature vanquished.

Grand Total: 198 creatures vanquished

Notes
Turn   | Place    | Note
-------+----------+-------------------------------------------
     0 | D:1      | Kholdaimon the Gnoll Skald began the quest for the Orb.
     0 | D:1      | Reached XP level 1. HP: 20/20 MP: 6/6
   160 | D:1      | Reached XP level 2. HP: 24/26 MP: 7/7
   438 | D:1      | Reached XP level 3. HP: 27/31 MP: 9/9
   564 | D:1      | Reached skill level 5 in Spellcasting
   751 | D:2      | Learned a level 2 spell: Shroud of Golubria
   755 | D:2      | Learned a level 3 spell: Regeneration
   943 | D:2      | Reached skill level 1 in Invocations
   954 | D:2      | Found a faded altar of an unknown god.
  1091 | D:2      | Found a hide-covered altar of Uskayaw.
  1153 | D:2      | Found a shimmering altar of Xom.
  1153 | D:2      | Found a basalt altar of Yredelemnul.
  1154 | D:2      | Found a bloodstained altar of Trog.
  1207 | D:2      | Found a deep blue altar of Sif Muna.
  1314 | D:3      | Noticed Jessica
  1334 | D:3      | Killed Jessica
  1334 | D:3      | Reached skill level 1 in Short Blades
  1334 | D:3      | Reached skill level 1 in Long Blades
  1334 | D:3      | Reached skill level 1 in Maces & Flails
  1334 | D:3      | Reached skill level 1 in Polearms
  1334 | D:3      | Reached skill level 1 in Staves
  1334 | D:3      | Reached skill level 1 in Slings
  1334 | D:3      | Reached skill level 1 in Bows
  1334 | D:3      | Reached skill level 1 in Crossbows
  1334 | D:3      | Reached skill level 1 in Throwing
  1334 | D:3      | Reached skill level 1 in Stealth
  1334 | D:3      | Reached skill level 1 in Shields
  1334 | D:3      | Reached skill level 1 in Unarmed Combat
  1334 | D:3      | Reached skill level 1 in Evocations
  1334 | D:3      | Reached XP level 4. HP: 33/38 MP: 1/11
  1460 | D:3      | Reached skill level 1 in Conjurations
  1460 | D:3      | Reached skill level 1 in Hexes
  1460 | D:3      | Reached skill level 1 in Summonings
  1460 | D:3      | Reached skill level 1 in Necromancy
  1460 | D:3      | Reached skill level 1 in Translocations
  1460 | D:3      | Reached skill level 1 in Transmutations
  1460 | D:3      | Reached skill level 1 in Fire Magic
  1460 | D:3      | Reached skill level 1 in Ice Magic
  1460 | D:3      | Reached skill level 1 in Air Magic
  1460 | D:3      | Reached skill level 1 in Earth Magic
  1460 | D:3      | Reached skill level 1 in Poison Magic
  1863 | D:3      | Reached XP level 5. HP: 38/43 MP: 12/12
  2359 | D:3      | Noticed Hercules1031's ghost (amateur OpCj)
  2373 | D:3      | Killed Hercules1031's ghost
  2373 | D:3      | Reached XP level 6. HP: 32/50 MP: 0/14
  2503 | D:3      | Found a runed door.
  2507 | D:3      | Noticed Crazy Yiuf
  2518 | D:3      | Killed Crazy Yiuf
  2518 | D:3      | Reached skill level 5 in Fighting
  2518 | D:3      | Reached skill level 5 in Axes
  2518 | D:3      | Reached skill level 5 in Dodging
  2637 | D:3      | Noticed Sigmund
  3074 | D:3      | Killed Sigmund
  3074 | D:3      | Reached XP level 7. HP: 47/56 MP: 7/15
  3523 | D:4      | Found an ancient bone altar of Kikubaaqudgha.
  3651 | D:4      | HP: 1/56 [orc/short sword (3)]
  4319 | D:4      | Found a shattered altar of Ashenzari.
  4366 | D:4      | Noticed WobbleTop's ghost (amateur OpTm)
  4383 | D:4      | Killed WobbleTop's ghost
  4388 | D:4      | Found a staircase to the Ecumenical Temple.
  4397 | Temple   | Entered the Ecumenical Temple
  4462 | Temple   | Became a worshipper of Warmaster Okawaru
  4617 | D:5      | Entered Level 5 of the Dungeon
  4812 | D:5      | Noticed PikkenKukken's ghost (amateur DsAK)
  4853 | D:5      | Reached XP level 8. HP: 42/63 MP: 7/16
  4959 | D:5      | Killed PikkenKukken's ghost
  4959 | D:5      | Reached * piety under Okawaru
  5507 | D:5      | Found Kimugga's Jewellery Boutique.
  6159 | D:6      | Learned a level 4 spell: Petrify
  6163 | D:6      | Learned a level 3 spell: Confuse
  6188 | D:6      | Reached XP level 9. HP: 42/69 MP: 9/18
  6456 | D:6      | Found a snail-covered altar of Cheibriados.
  6530 | D:6      | Reached ** piety under Okawaru
  6717 | D:6      | Found an opulent altar of Gozag.
  6717 | D:6      | Found a shadowy altar of Dithmenos.
  6816 | D:7      | Found a radiant altar of Vehumet.
  6892 | D:7      | Noticed Duvessa
  6892 | D:7      | Noticed Dowan
  6912 | D:7      | Killed Duvessa
  6919 | D:7      | Killed Dowan
  7149 | D:7      | Reached skill level 5 in Armour
  7617 | D:7      | Reached *** piety under Okawaru
  7617 | D:7      | Reached skill level 5 in Invocations
  8512 | D:8      | Reached XP level 10. HP: 66/77 MP: 20/20
  8828 | D:8      | Reached skill level 5 in Short Blades
  8828 | D:8      | Reached skill level 5 in Long Blades
  8828 | D:8      | Reached skill level 5 in Maces & Flails
  8828 | D:8      | Reached skill level 5 in Polearms
  8828 | D:8      | Reached skill level 5 in Staves
  8828 | D:8      | Reached skill level 5 in Slings
  8828 | D:8      | Reached skill level 5 in Bows
  8828 | D:8      | Reached skill level 5 in Crossbows
  8828 | D:8      | Reached skill level 5 in Throwing
  8828 | D:8      | Reached skill level 5 in Stealth
  8828 | D:8      | Reached skill level 5 in Shields
  8828 | D:8      | Reached skill level 5 in Unarmed Combat
  8828 | D:8      | Reached skill level 5 in Evocations
  8924 | D:8      | Reached **** piety under Okawaru
  8931 | D:8      | HP: 1/77 [sky beast (6)]
  9293 | D:8      | Paralysed by a hornet for 1 turns
  9294 | D:8      | Slain by a hornet

Skill      XL: |  1  2  3  4  5  6  7  8  9 10 |
---------------+-------------------------------+-----
Spellcasting   | 5 6 7 |  7.2
Invocations    | 1 2 3 4 5 |  5.6
Short Blades   | 1 2 3 4 5 |  5.1
Long Blades    | 1 2 3 4 5 |  5.1
Maces & Flails | 1 2 3 4 5 |  5.1
Polearms       | 1 2 3 4 5 |  5.1
Staves         | 1 2 3 4 5 |  5.1
Slings         | 1 2 3 4 5 |  5.1
Bows           | 1 2 3 4 5 |  5.1
Crossbows      | 1 2 3 4 5 |  5.1
Throwing       | 1 2 3 4 5 |  5.1
Stealth        | 1 2 3 4 5 |  5.1
Shields        | 1 2 3 4 5 |  5.1
Unarmed Combat | 1 2 3 4 5 |  5.1
Evocations     | 1 2 3 4 5 |  5.1
Conjurations   | 1 2 3 4 |  4.2
Hexes          | 1 2 3 4 |  4.2
Summonings     | 1 2 3 4 |  4.2
Necromancy     | 1 2 3 4 |  4.2
Translocations | 1 2 3 4 |  4.2
Transmutations | 1 2 3 4 |  4.2
Fire Magic     | 1 2 3 4 |  4.2
Ice Magic      | 1 2 3 4 |  4.2
Air Magic      | 1 2 3 4 |  4.2
Earth Magic    | 1 2 3 4 |  4.2
Poison Magic   | 1 2 3 4 |  4.2
Armour         | 3 4 5 |  5.8
Fighting       | 5 6 |  6.9
Axes           | 5 6 |  6.9
Dodging        | 5 6 |  6.9
Charms         | 6 7 |  7.0

Action                   |  1- 3 |  4- 6 |  7- 9 | 10-12 || total
-------------------------+-------+-------+-------+-------++-------
Melee: Hand axe          |   130 |   143 |       |       ||   273
       Bite              |     6 |    15 |    65 |    20 ||   106
       Dagger            |       |    10 |   537 |   110 ||   657
       Punch             |       |       |    11 |     1 ||    12
       Great sword       |       |       |       |    34 ||    34
       Halberd           |       |       |       |     6 ||     6
 Fire: Arbalest          |       |       |    37 |    16 ||    53
Throw: Stone             |       |       |     8 |       ||     8
 Cast: Regeneration      |     2 |     6 |    30 |     6 ||    44
       Shroud of Golubri |     1 |    11 |    34 |     7 ||    53
       Infusion          |     1 |    10 |    24 |     7 ||    42
Evoke: Wand              |       |       |     5 |       ||     5
  Use: Scroll            |       |     5 |     7 |     2 ||    14
       Potion            |       |       |       |     2 ||     2
 Stab: Sleeping          |     4 |       |     8 |     1 ||    13
       Distracted        |       |       |     2 |       ||     2
  Eat: Chunk             |     1 |     3 |    14 |     1 ||    19
       Ration            |       |     1 |     3 |     2 ||     6
Armor: Leather armour    |    21 |    27 |   121 |    37 ||   206
       Scale mail        |       |     2 |       |       ||     2
Dodge: Dodged            |   110 |   110 |   358 |   107 ||   685
       Rpst.: Great sword |       |       |       |     8 ||     8
